 Dungeon Crawl Stone Soup version 0.21.1-1-g345015fe64 (webtiles) character file.

19 Kejsarherre the Skirmisher (level 2, -8/25 HPs)
             Began as a Barachi Abyssal Knight on May 9, 2018.
             Was a Follower of Lugonu.
             Mangled by a gnoll
             ... wielding a +0 spear
              (10 damage)
             ... on level 2 of the Dungeon.
             The game lasted 00:02:21 (678 turns).

Kejsarherre the Skirmisher (Barachi Abyssal Knight)  Turns: 678, Time: 00:02:22

Health: -8/25      AC:  5    Str: 13    XL:     2   Next: 75%
Magic:  3/3        EV: 11    Int: 12    God:    Lugonu [*.....]
Gold:   51         SH:  0    Dex: 11    Spells: 1/1 levels left

rFire    . . .     SeeInvis .   a - +1 hand axe
rCold    . . .     Gourm    .   (no shield)
rNeg     . . .     Faith    .   b - +0 leather armour
rPois    .         Spirit   .   (no helmet)
rElec    .         Reflect  .   (no cloak)
rCorr    .         Harm     .   (no gloves)
MR       .....                  i - +1 pair of boots
Stlth    +.........             f - amulet of regeneration
HPRegen  0.48/turn              (no ring)
MPRegen  0.08/turn              (no ring)

@: can't hop, slow
A: +LOS, swims, slowness 1, strong legs 1
a: Hop, Depart the Abyss, Renounce Religion


You were on level 2 of the Dungeon.
You worshipped Lugonu.
Lugonu was aware of your devotion.
You were not hungry.

You visited 1 branch of the dungeon, and saw 2 of its levels.
You visited the Abyss 1 time.

You collected 51 gold pieces.

Inventory:

Hand Weapons
 a - a +1 hand axe (weapon)
Armour
 b - a +0 leather armour (worn)
 i - a +1 pair of boots (worn)
Jewellery
 f - an amulet of regeneration (around neck)
Wands
 j - a wand of digging (19)
Scrolls
 d - a scroll of identify {unknown}
 e - a scroll of remove curse {unknown}
 g - a scroll of amnesia {unknown}
 h - a scroll of enchant weapon {unknown}
Comestibles
 c - 4 rations


   Skills:
 + Level 4.2 Fighting
 + Level 2.8 Axes
 - Level 2.4 Armour
 - Level 1.1 Dodging
 - Level 1.7 Invocations


You had one spell level left.
You didn't know any spells.

Dungeon Overview and Level Annotations

Branches:
Dungeon (2/15)

Altars:


Innate Abilities, Weirdness & Mutations

Shadows flee at your approach. (+LOS)
You can swim through water.
You cover ground slowly.
You can hop short distances.


Message History

A bat comes into view.
You see here a frilled lizard corpse.
You aren't in the Abyss!
Okay, then.
The ball python bites you but does no damage.
The ball python barely misses you. The bat barely misses you.
The ball python barely misses you. The ball python grabs you.
The ball python constricts you.
The ball python bites you but does no damage.
The ball python constricts you.
You escape the ball python's grasp.
The bat hits you.
* * * LOW HITPOINT WARNING * * *
The gnoll barely misses you. The bat hits you but does no damage.
The ball python bites you.
* * * LOW HITPOINT WARNING * * *
The ball python misses you. The bat hits you but does no damage.
The gnoll closely misses you.
The gnoll hits you from afar with a spear!
You die...

### ############
#...####.........<#
#.......@..########
#.......bSg########
........g.gg†..>..#
#.#.........#####.#
#.........# #.#
#.........# #.#####
..........##
#.g.gg#
.....##+####
#####.# ..... #.#


You could see 4 gnolls, a bat and a ball python.

Vanquished Creatures
  A leopard gecko (D:1)
  A ball python (D:1)
  2 giant cockroaches (D:1)
  4 goblins (D:1)
  3 hobgoblins (D:1)
  3 kobolds (D:1)
  A frilled lizard (D:2)
15 creatures vanquished.

Notes
Turn   | Place    | Note
-------+----------+-------------------------------------------
     0 | Abyss:1  | Kejsarherre the Barachi Abyssal Knight began the quest for the Orb.
     0 | Abyss:1  | Reached XP level 1. HP: 18/18 MP: 2/2
   135 | Abyss:1  | Found a corrupted altar of Lugonu.
   151 | Abyss:1  | Noticed a smoke demon
   154 | D:1      | Escaped the Abyss
   240 | D:1      | Reached XP level 2. HP: 25/25 MP: 3/3
   254 | D:1      | Reached skill level 4 in Fighting
   374 | D:1      | Reached * piety under Lugonu
   672 | D:2      | HP: 1/25 [gnoll/spear (1)]
   678 | D:2      | Mangled by a gnoll

Skill      XL: |  1  2 |
---------------+-------+-----
Fighting       | 4 |  4.2
Axes           | |  2.8
Armour         | |  2.4
Dodging        | |  1.1
Invocations    | |  1.7

Action                   || total
-------------------------++-------
Melee: Hand axe          ||    60
Invok: Depart the Abyss  ||     1
 Abil: Hop               ||     2
  Use: Potion            ||     1
Armor: Leather armour    ||    18
Dodge: Dodged            ||    32
